 Dungeon Crawl Stone Soup version 0.30.0-16-gbe6223bb7e (webtiles) character file.

Game seed: 3977782126922668763

7405 NotreDorf the Thaumaturge (level 10, -1/77 HPs)
             Began as a Mummy Necromancer on May 19, 2023.
             Was an Initiate of Gozag.
             Slain by an elephant (9 damage)
             ... on level 1 of the Lair of Beasts on May 20, 2023.
             The game lasted 00:49:53 (11217 turns).

NotreDorf the Thaumaturge (Mummy Necromancer)      Turns: 11217, Time: 00:49:57

Health: -1/77      AC:  7    Str: 12    XL:     10   Next: 92%
Magic:  16/24      EV: 15    Int: 18    God:    Gozag
Gold:   886        SH:  0    Dex: 13    Spells: 18/29 levels left

rFire   . . .        s - staff of death
rCold   + . .        (no shield)
rNeg    + + +        u - +2 robe {Archmagi}
rPois   ∞            e - +0 helmet
rElec   .            (no cloak)
rCorr   .            z - +1 pair of gloves
SInv    .            (no boots)
Will    +....        (no amulet)
Stlth   ++           y - ring of protection from fire
HPRegen 0.32/turn    (no ring)
MPRegen 0.19/turn

%: faith, archmagi
@: no status effects
A: cold resistance 1, negative energy resistance 3, torment resistance 2, heat
vulnerability 1, in touch with death 1, no potions, faith
a: Renounce Religion, Potion Petition, Call Merchant, Bribe Branch


You were on level 1 of the Lair of Beasts.
You worshipped Gozag.
Gozag was pleased with you.
You visited 3 branches of the dungeon, and saw 11 of its levels.

You collected 1931 gold pieces.
You spent 269 gold pieces at shops.
You paid 776 gold pieces to Gozag.

Inventory:

Hand Weapons
 h - a +8 dagger of freezing
 q - a +1 dagger of electrocution
 r - a +1 dagger of venom
Missiles
 k - 2 throwing nets
Armour
 e - a +0 helmet (worn)
 u - a +2 robe of the Archmagi (worn)
 z - a +1 pair of gloves (worn)
Magical Staves
 s - a staff of death (weapon)
Jewellery
 j - a ring of ice
 w - a ring of resist corrosion
 y - a ring of protection from fire (left hand)
Wands
 l - a wand of quicksilver (8) (quivered)
 o - a wand of flame (13)
 p - a wand of roots (16)
 t - a wand of polymorph (8)
Scrolls
 a - a scroll of magic mapping
 c - 3 scrolls of teleportation
 d - 4 scrolls of poison
 f - 4 scrolls of identify
 g - a scroll of brand weapon
 i - 2 scrolls of blinking
 m - a scroll of fog
 n - a scroll of summoning
 v - a scroll of silence
 x - a scroll of torment {unknown}


   Skills:
 + Level 6.4 Fighting
 + Level 7.0 Dodging
 - Level 1.5 Stealth
 + Level 10.1 Spellcasting
 + Level 9.1 Necromancy
 + Level 5.3 Evocations


You had 18 spell levels left.
You knew the following spells:

 Your Spells              Type           Power      Damage    Failure   Level
a - Necrotise             Necr           100%       1d9       1%          1
b - Vampiric Draining     Necr           97%        2d12      1%          3
c - Agony                 Necr           97%        N/A       4%          5
d - Ensorcelled Hibernat  Hex/Ice        26%        N/A       12%         2

Your spell library contained the following spells:

 Spells                   Type           Power      Damage    Failure   Level
 Anguish                  Hex/Necr       36%        N/A       12%         4
 Ignite Poison            Fire/Tmut/Pois 13%        N/A       24%         3
 Stone Arrow              Conj/Erth      26%        3d8       24%         3
 Animate Armour           Summ/Erth      26%        N/A       61%         4
 Sticky Flame             Conj/Fire      13%        2d4       61%         4
 Haunt                    Necr/Summ      36%        N/A       100%        7
 Spellforged Servitor     Conj/Summ      6%         N/A       100%        7
 Ignition                 Fire           6%         3d4       100%        8
 Lehudib's Crystal Spear  Conj/Erth      6%         10d3      100%        8
 Animate Dead             Necr           Unusable   N/A       N/A         4
 Spider Form              Tmut/Pois      Unusable   N/A       N/A         3

Dungeon Overview and Level Annotations

Branches:
Dungeon (9/15)             Temple (1/1) D:6            Lair (1/5) D:9
    Orc (0/2) D:9

Altars:
Ashenzari
Cheibriados
Dithmenos
Fedhas
Gozag
Hepliaklqana
Kikubaaqudgha
Makhleb
Nemelex Xobeh
Okawaru
Qazlal
Sif Muna
Trog
Vehumet
Wu Jian
Xom
Yredelemnul

Shops:
D:6 *   D:9 (

Annotations:
D:9 exclusion: statue


Innate Abilities, Weirdness & Mutations

You are immune to poison.
Your flesh is cold resistant. (rC+)
You are immune to negative energy. (rN+++)
You are immune to unholy pain and torment.
You are vulnerable to heat. (rF-)
You are in touch with the powers of death.
You do not drink.
You have a special connection with the divine. (Faith)


Message History

The elephant is heavily wounded.
The elephant tramples you!
You hold your ground!
The elephant trunk-slaps you but does no damage.
You hit the elephant but do no damage.
The elephant writhes in agony!
The elephant is severely wounded.
The elephant barely misses you. The elephant closely misses you.
The elephant tramples you!
You hold your ground!
The elephant trunk-slaps you but does no damage.
You completely miss the elephant.
The elephant is severely wounded.
The elephant barely misses you. The elephant trunk-slaps you.
Casting: Necrotise (safe; 1% risk of failure)
Confirm with . or Enter, or press ? or * to list all spells.
Aiming: Necrotise (safe; 1% risk of failure)
Press: ? - help, Shift-Dir - straight line, f/p - elephant
Aim: an elephant (severely wounded, chance to affect: 52%)
You feel a huge surge of power!
The elephant resists with significant effort.
The elephant tramples you!
* * * LOW HITPOINT WARNING * * *
You hold your ground!
The elephant trunk-slaps you but does no damage.
Casting: Necrotise (safe; 1% risk of failure)
Confirm with . or Enter, or press ? or * to list all spells.
Aiming: Vampiric Draining (safe; 1% risk of failure)
Press: ? - help, Shift-Dir - straight line, f/p - elephant
Aim: an elephant (severely wounded)
You feel a huge surge of power!
You draw life force from the elephant.
You feel life coursing into your body. The elephant tramples you!
* * * LOW HITPOINT WARNING * * *
You hold your ground!
The elephant closely misses you.
Casting: Vampiric Draining (safe; 1% risk of failure)
Confirm with . or Enter, or press ? or * to list all spells.
Aiming: Vampiric Draining (safe; 1% risk of failure)
Press: ? - help, Shift-Dir - straight line, f/p - elephant
Aim: an elephant (severely wounded)
You feel a huge surge of power!
You draw life force from the elephant.
You feel life coursing into your body. The elephant tramples you!
You die...
Your body crumbles into a pile of gold.

#. ### ### #..
###.#####.## #.#
#..........######.#
##[##.##.......##.#
##@#####.#####.##.#
##Y....##....##.#P.#
#...................
#..........######.##..
#P.........#.####..##.#
##..................#.#
$
#...$.................
...........#.####P.....
............### ##.....


You could see an elephant.

Vanquished Creatures
  Pikel (D:6)
  Maurice (D:8)
  2 trolls (D:9)
  Prince Ribbit (D:7)
  A wyvern (D:9)
  9 yaks
  Eustachio (D:6)
  A steam dragon (D:9)
  Menkaure (D:6)
  3 water moccasins
  6 orc warriors (D:9)
  A black bear (D:6)
  An ogre (D:9)
  3 centaurs
  4 wolves (D:9)
  2 phantoms
  3 kobold brigands (D:9)
  8 bullfrogs
  2 scorpions
  3 gnoll sergeants (D:9)
  5 electric eels
  A howler monkey (D:4)
  7 hounds
  2 orc priests
  5 jellies
  2 iguanas
  A sleepcap (D:5)
  8 orc wizards
  11 gnolls
  9 adders
  9 river rats (D:6)
  2 white imps
  An ufetubus (D:6)
  3 dart slugs
  35 orcs
  4 ball pythons
  3 endoplasms
  5 giant cockroaches
  9 goblins
  2 hobgoblins
  3 jackals (D:1)
  7 quokkas (D:6)
  7 bats
  4 frilled lizards
  10 kobolds
  19 rats
228 creatures vanquished.

Vanquished Creatures (collateral kills)
  A dart slug (D:1)
1 creature vanquished.

Vanquished Creatures (others)
  A gnoll sergeant (D:9)
1 creature vanquished.

Grand Total: 230 creatures vanquished

Notes
Turn   | Place    | Note
-------+----------+-------------------------------------------
     0 | D:1      | NotreDorf the Mummy Necromancer began the quest for the
                  | Orb.
     0 | D:1      | Reached XP level 1. HP: 13/13 MP: 4/4
    71 | D:1      | Reached skill level 3 in Spellcasting
    71 | D:1      | Reached XP level 2. HP: 12/19 MP: 0/6
   640 | D:2      | Gained mutation: You are in touch with the powers of death.
                  | [Mummy growth]
   640 | D:2      | Reached XP level 3. HP: 24/24 MP: 3/7
  1633 | D:2      | Learned a level 3 spell: Vampiric Draining
  1816 | D:3      | Found an opulent altar of Gozag.
  1969 | D:3      | Became a worshipper of Gozag Ym Sagoz the Greedy
  2062 | D:3      | Noticed a scorpion
  2068 | D:3      | Killed a scorpion
  2069 | D:3      | Reached skill level 4 in Spellcasting
  2069 | D:3      | Reached XP level 4. HP: 28/30 MP: 2/10
  2228 | D:3      | Found a faded altar of an unknown god.
  2293 | D:3      | Found a broken altar of Ashenzari.
  2367 | D:3      | Reached XP level 5. HP: 35/35 MP: 7/11
  2838 | D:4      | Reached skill level 5 in Necromancy
  3416 | D:4      | Noticed a phantom
  3449 | D:4      | Killed a phantom
  3450 | D:4      | Reached skill level 5 in Spellcasting
  3450 | D:4      | Reached XP level 6. HP: 3/41 MP: 13/13
  3453 | D:4      | HP: 2/41 [orc/boomerang (2)]
  4085 | D:4      | Got the Catalogue of Convocation
  4291 | D:4      | Found a hazy altar of Hepliaklqana.
  4294 | D:4      | Found a snail-covered altar of Cheibriados.
  4304 | D:4      | Learned a level 5 spell: Agony
  4307 | D:4      | Learned a level 2 spell: Ensorcelled Hibernation
  4358 | D:5      | Entered Level 5 of the Dungeon
  4551 | D:5      | Reached XP level 7. HP: 41/46 MP: 8/15
  4883 | D:5      | Reached skill level 6 in Spellcasting
  5196 | D:6      | Noticed Eustachio
  5314 | D:5      | Reached skill level 1 in Fighting
  5486 | D:6      | Killed Eustachio
  5487 | D:6      | Reached skill level 1 in Evocations
  5487 | D:6      | Reached XP level 8. HP: 50/54 MP: 6/18
  6035 | D:6      | Noticed Pikel
  6050 | D:6      | Killed Pikel
  6051 | D:6      | Reached skill level 5 in Dodging
  6051 | D:6      | Reached skill level 7 in Spellcasting
  6051 | D:6      | Found Hocloifu's General Store.
  6069 | D:6      | Found Jypleyre's Specific Store.
  6072 | D:6      | Bought a scroll of identify for 28 gold pieces
  6076 | D:6      | Bought a scroll of enchant weapon for 82 gold pieces
  6076 | D:6      | Bought a scroll of magic mapping for 82 gold pieces
  6076 | D:6      | Bought a scroll of poison for 44 gold pieces
  6076 | D:6      | Bought a scroll of teleportation for 33 gold pieces
  6359 | D:6      | Found a staircase to the Ecumenical Temple.
  6381 | Temple   | Entered the Ecumenical Temple
  6605 | D:6      | Noticed Menkaure
  6615 | D:6      | Killed Menkaure
  6765 | D:6      | Found an ornate altar of the Wu Jian Council.
  6765 | D:6      | Found a sparkling altar of Nemelex Xobeh.
  6837 | D:6      | Reached XP level 9. HP: 64/64 MP: 13/20
  7417 | D:7      | Noticed Prince Ribbit
  7580 | D:7      | Reached skill level 8 in Spellcasting
  7762 | D:7      | Killed Prince Ribbit
  8323 | D:8      | Noticed Maurice
  8334 | D:8      | Killed Maurice
  8404 | D:8      | Reached skill level 5 in Fighting
  8419 | D:9      | Reached skill level 9 in Spellcasting
  8419 | D:9      | Reached XP level 10. HP: 20/74 MP: 3/23
  8605 | D:9      | Found a radiant altar of Vehumet.
  8708 | D:9      | Found a staircase to the Lair.
  9328 | D:9      | Found a runed translucent door.
  9335 | D:9      | Found a basalt altar of Yredelemnul.
  9344 | D:9      | Found an ancient bone altar of Kikubaaqudgha.
  9875 | D:9      | Found Athas's Weapon Emporium.
  9898 | D:9      | Reached skill level 5 in Evocations
 10206 | D:9      | Found a staircase to the Orcish Mines.
 10335 | D:9      | Reached skill level 10 in Spellcasting
 10399 | D:9      | Upgraded the game from 0.30.0-15-g856e2d3f33 to
                  | 0.30.0-16-gbe6223bb7e
 10980 | Lair:1   | Entered Level 1 of the Lair of Beasts
 11182 | Lair:1   | Noticed an elephant
 11198 | Lair:1   | Noticed an elephant
 11198 | Lair:1   | Noticed an elephant
 11217 | Lair:1   | Slain by an elephant

Illustrated notes

Levels and vault maps discovered:
D:1:      reono_arrival_forest_river, layout_rooms
D:2:      layout_basic, kennysheep_pointless_box
D:3:      minmay_door_path, layout_basic, nicolae_gozag_seed_capital,
          cheibrodos_ashenzari_chains, hellmonk_ecumenical_altar_leap_of_faith
D:4:      layout_rooms, minitemple, grunt_ministairs_10, st_stairs_3
D:5:      layout_rooms
D:6:      lemuel_ratsnest, layout_rooms, gammafunk_temple_overflow_elements,
          minmay_temple_entry_mini_moons, hangedman_abyss_or_decor_passed,
          chequers_big_river, grunt_decor_cap, nicolae_specific_store,
          uniq_eustachio, uniq_menkaure, uniq_pikel
D:7:      layout_cave_pools, st_stairs_7, uniq_prince_ribbit1
D:8:      layout_basic, dancing_weapons_uskayaw, uniq_maurice
D:9:      layout_loops_ring, general_overflow_altar, vehumet_statue,
          dk_yredelemnul_ordeal, erik_lair_island,
          kennysheep_orc_monster_closet_entryway, serial_shops, shop_fountains,
          chequers_serial_rivers_micro_e
Temple:   bh_familiar_temple
Lair:1:   layout_gridlike, nicolae_volcano_entry_hallway

Skill      XL: |  1  2  3  4  5  6  7  8  9 10 |
---------------+-------------------------------+-----
Spellcasting   | 3 4 5 6 7 9 10 | 10.1
Dodging        | 2 3 4 5 6 7 |  7.0
Necromancy     | 5 6 7 8 9 |  9.1
Fighting       | 1 3 5 6 |  6.4
Evocations     | 1 2 4 5 |  5.3
Stealth        | |  1.5

Action                     |  1- 3 |  4- 6 |  7- 9 | 10-12 || total
---------------------------+-------+-------+-------+-------++-------
  Melee: Mace              |     8 |       |       |       ||     8
         Dagger            |       |    30 |   138 |   115 ||   283
         Staff             |       |       |    60 |    16 ||    76
         Punch             |       |       |     3 |     2 ||     5
   Cast: Necrotise         |    57 |   117 |   189 |   138 ||   501
         Vampiric Draining |       |       |    10 |    18 ||    28
 Invoke: Potion Petition   |       |       |     1 |     1 ||     2
  Evoke: Wand              |       |     1 |     1 |     4 ||     6
    Use: Scroll            |       |       |    10 |     2 ||    12
   Stab: Distracted        |       |       |     1 |       ||     1
         Invisible         |       |       |       |     2 ||     2
 Armour: Robe              |    10 |    10 |    61 |    39 ||   120
  Dodge: Dodged            |    12 |    31 |   199 |   123 ||   365
